 Dungeon Crawl Stone Soup version 0.17.1-2-g5865329 (webtiles) character file.

84 Origami the Chiller (level 4, -7/24 HPs)
             Began as a Deep Elf Ice Elementalist on Feb 11, 2016.
             Mangled by Sigmund
             ... wielding a +0 scythe
              (10 damage)
             ... on level 3 of the Dungeon on Feb 12, 2016.
             The game lasted 00:13:16 (2266 turns).

Origami the Chiller (Deep Elf Ice Elementalist)     Turns: 2266, Time: 00:13:16

Health: -7/24      AC:  6    Str:  5    XL:     4   Next: 24%
Magic:  4/12       EV: 13    Int: 21    God:
Gold:   138        SH:  0    Dex: 15    Spells: 2 memorised, 8 levels left

rFire  . . .     SeeInvis .     g - +0 dagger
rCold  . . .     Clarity  .     a - +0 robe
rNeg   . . .     SustAt   .     (no shield)
rPois  .         Gourm    .     (no helmet)
rElec  .         Spirit   .     u - +2 cloak
rCorr  .         Warding  .     (no gloves)
rMut   .         Stasis   .     s - +0 pair of boots
MR     .....                    (no amulet)
Stlth  +.........               (no ring)
                                (no ring)

@: confused, not resistant to hostile enchantments, very unstealthy
A: no striking features
a: no special abilities


You were on level 3 of the Dungeon.
You were hungry.

You visited 1 branch of the dungeon, and saw 3 of its levels.

You collected 138 gold pieces.

Inventory:

Hand Weapons
 g - a +0 dagger (weapon)
Armour
 a - a +0 robe (worn)
 s - a +0 pair of boots (worn)
 u - a +2 cloak (worn)
Scrolls
 e - 2 scrolls of remove curse
 h - a scroll of identify
 i - a scroll of amnesia {unknown}
 m - a scroll of noise {unknown}
 p - a scroll of magic mapping {unknown}
 r - a scroll of teleportation {unknown}
Potions
 f - a potion of curing
 j - a potion of cure mutation {unknown}
 k - a potion of cancellation {unknown}
 n - 2 potions of brilliance {unknown}
Books
 b - a book of Frost

   Spells                             Type                      Level
   a - Freeze                         Ice                          1
   b - Throw Frost                    Conjuration/Ice              2
   c - Ozocubu's Armour               Charms/Ice                   3
   d - Throw Icicle                   Conjuration/Ice              4
   e - Summon Ice Beast               Ice/Summoning                4
   f - Condensation Shield            Ice                          4
Comestibles
 c - 3 bread rations
 l - a meat ration
 o - a fruit


   Skills:
 + Level 2.8 Dodging
 + Level 2.9 Stealth
 + Level 4.0 Spellcasting
 * Level 2.2 Conjurations
 + Level 4.1 Ice Magic


You had 8 spell levels left.
You knew the following spells:

 Your Spells              Type           Power        Failure   Level  Hunger
a - Freeze                Ice            ###.         1%          1    None
b - Throw Frost           Conj/Ice       ###...       6%          2    #......


Dungeon Overview and Level Annotations

Branches:
Dungeon (3/15)

Altars:

Annotations:
D:3 Sigmund


Message History

Aiming: Throw Frost
Press: ? - help, Shift-Dir - straight line The puff of frost hits something.
Something barely misses you.
Casting: Throw Frost
Confirm with . or Enter, or press ? or * to list all spells.
Aiming: Throw Frost
Press: ? - help, Shift-Dir - straight line The puff of frost hits something.
Casting: Throw Frost
Confirm with . or Enter, or press ? or * to list all spells.
You don't know that spell.
Something hits you!
You hit something but do no damage. Something hits you!
You hear some strange, mumbled words.
You are confused.
You bump into the rock wall.
You bump into the rock wall.
Something hits you.
* * * LOW HITPOINT WARNING * * *
You bump into the rock wall.
Something hits you!
You die...

#.#
#...#
#.#
###.#
.. #.#
###.#
#...#
#.###
#.# #.#
#@#
#.#.#.#
#.#.#.#
#.#.#g#
#.#.#.#
#.#.#.#
#.#.#.#
#.#.#.#
#.....#


You could see a hobgoblin.

Vanquished Creatures
  4 adders (D:2)
  2 worms (D:2)
  A giant gecko (D:2)
  A ball python (D:1)
  6 giant cockroaches
  6 goblins (D:1)
  8 hobgoblins
  A quokka (D:2)
  4 bats
  3 giant newts (D:1)
  7 kobolds
  A rat (D:2)
44 creatures vanquished.

Notes
Turn   | Place    | Note
--------------------------------------------------------------
     0 | D:1      | Origami the Deep Elf Ice Elementalist began the quest for the Orb.
     0 | D:1      | Reached XP level 1. HP: 10/10 MP: 6/6
    97 | D:1      | Reached XP level 2. HP: 6/15 MP: 2/8
   262 | D:1      | Learned a level 2 spell: Throw Frost
   888 | D:1      | Reached XP level 3. HP: 19/19 MP: 0/10
  1456 | D:2      | Reached skill level 4 in Ice Magic
  1890 | D:2      | Reached XP level 4. HP: 24/24 MP: 2/12
  2245 | D:3      | Noticed Sigmund
  2266 | D:3      | Mangled by Sigmund

Action                   |  1- 3 |  4- 6 || total
-------------------------+-------+-------++-------
Melee: Dagger            |     6 |     1 ||     7
 Cast: Freeze            |    13 |       ||    13
       Throw Frost       |    47 |    12 ||    59
  Use: Potion            |     3 |       ||     3
       Scroll            |       |     3 ||     3
  Eat: Chunk             |     4 |     1 ||     5
